 Dungeon Crawl Stone Soup version 0.30.1-11-g7821555f0a (webtiles) character file.

Game seed: 7410126753342717714

2064 cowcol the Cleaver (level 9, -1/79 HPs)
             Began as a Minotaur Fighter on Jan 11, 2024.
             Slain by a red ugly thing (20 damage)
             ... on level 8 of the Dungeon.
             The game lasted 00:19:04 (8529 turns).

cowcol the Cleaver (Minotaur Fighter)               Turns: 8529, Time: 00:19:05

Health: -1/79      AC: 17    Str: 23    XL:     9   Next: 5%
Magic:  8/8        EV: 14    Int:  4    God:
Gold:   215        SH:  4    Dex: 10    Spells: 8/8 levels left

rFire   . . .        a - +0 war axe
rCold   . . .        c - +0 buckler
rNeg    + . .        b - +0 scale mail
rPois   +            I - +1 hat
rElec   +            l - +1 cloak
rCorr   +            D - +2 pair of gloves of the Skies Above {rElec rPois Int-3}
SInv    +            A - +1 pair of boots "Ejigounn" {Slay+2 SInv}
Will    .....        p - amulet "Vyqeps" {rPois Regen+ rCorr} Stlth
                     r - +5 ring of evasion
HPRegen 1.13/turn    s - ring of positive energy
MPRegen 0.11/turn

%: no passive effects
@: no status effects
A: horns 2, retaliatory headbutt
a: no special abilities


You were on level 8 of the Dungeon.
You visited 2 branches of the dungeon, and saw 9 of its levels.

You collected 558 gold pieces.
You spent 343 gold pieces at shops.

Inventory:

Hand Weapons
 a - a +0 war axe (weapon)
Missiles
 o - 6 boomerangs (quivered)
Armour
 b - a +0 scale mail (worn)
 c - a +0 buckler (worn)
 l - a +1 cloak (worn)
 u - a +0 chain mail
 A - the +1 pair of boots "Ejigounn" (worn) {Slay+2 SInv}
   (You bought it in a shop on level 4 of the Dungeon)

   Slay:      It affects your accuracy & damage with ranged weapons and melee
   (+2).
   SInv:      It lets you see invisible.
 D - the +2 pair of gloves of the Skies Above (worn) {rElec rPois Int-3}
   (You found it on level 6 of the Dungeon)

   Int:       It affects your intelligence (-3).
   rElec:     It insulates you from electricity.
   rPois:     It protects you from poison.
 I - a +1 hat (worn)
Jewellery
 h - an amulet of faith
 p - the amulet "Vyqeps" (around neck) {rPois Regen+ rCorr}
   (You acquired it on level 5 of the Dungeon)

   [amulet of regeneration]

   rPois:     It protects you from poison.
   Regen:     It increases your rate of health regeneration.
   rCorr:     It protects you from acid and corrosion.
 r - a +5 ring of evasion (left hand)
 s - a ring of positive energy (right hand)
 G - a +6 ring of intelligence
 H - a ring of ice
Wands
 y - a wand of charming (7)
 E - a wand of roots (9)
 F - a wand of flame (23)
Scrolls
 e - a scroll of vulnerability
 f - 6 scrolls of teleportation
 m - a scroll of amnesia
 n - 2 scrolls of immolation
 t - 3 scrolls of magic mapping
 v - a scroll of enchant armour
 x - a scroll of fog
 z - a scroll of brand weapon {unknown}
 C - a scroll of enchant weapon
Potions
 g - a potion of heal wounds
 i - a potion of degeneration {unknown}
 j - a potion of attraction
 k - 2 potions of magic {unknown}
 q - a potion of mutation {unknown}
 w - 3 potions of curing
 B - a potion of flight {unknown}
 J - a potion of ambrosia {unknown}


   Skills:
 + Level 7.0 Fighting
 + Level 10.9 Axes
 + Level 7.9 Armour
 - Level 4.0 Shields


You had 8 spell levels left.
You didn't know any spells.
Your spell library contained the following spells:

 Spells                   Type           Power      Damage    Failure   Level
 Freeze                   Ice            0%         1d3       83%         1
 Kiss of Death            Conj/Necr      0%         2d5       83%         1
 Magic Dart               Conj           0%         1d3       83%         1
 Call Imp                 Summ           0%         N/A       93%         2
 Scorch                   Fire           0%         2d5       93%         2
 Searing Ray              Conj           0%         2d4       93%         2
 Confusing Touch          Hex            0%         N/A       99%         3
 Frozen Ramparts          Ice            0%         1d1       99%         3
 Hailstorm                Conj/Ice       0%         3d3       99%         3
 Mephitic Cloud           Conj/Pois/Air  0%         N/A       99%         3
 Dispel Undead            Necr           0%         3d6       100%        4
 Flame Wave               Conj/Fire      0%         2d4       100%        4
 Fulminant Prism          Conj/Hex       0%         3d5       100%        4
 Summon Cactus Giant      Summ           0%         N/A       100%        6


Dungeon Overview and Level Annotations

Branches:
Dungeon (8/15)             Temple (1/1) D:6
   Lair: D:8-11

Altars:
Ashenzari
Cheibriados
Dithmenos
Elyvilon
Gozag
Hepliaklqana
Kikubaaqudgha
Nemelex Xobeh
Qazlal
Ru
Vehumet
Wu Jian
Xom
Zin
The Shining One

Shops:
D:4 :[=?


Innate Abilities, Weirdness & Mutations

You have a pair of horns on your head.
You reflexively headbutt those who attack you in melee.


Message History

The two-headed ogre completely misses you.
You block the two-headed ogre's attack.
You hit the two-headed ogre.
The two-headed ogre is lightly wounded.
You barely miss the steam dragon.
You hit the steam dragon but do no damage.
A red ugly thing comes into view.
The steam dragon bites you.
The steam dragon claws you but does no damage.
The steam dragon bites you but does no damage.
You block the steam dragon's attack. You block the two-headed ogre's attack.
The two-headed ogre hits you with a +0 giant club!
You slash the two-headed ogre!
The two-headed ogre is moderately wounded.
You barely miss the steam dragon.
You hit the steam dragon but do no damage.
The steam dragon misses you. The steam dragon closely misses you. x2
The steam dragon barely misses you.
You hit the two-headed ogre.
The two-headed ogre is moderately wounded.
You barely miss the steam dragon.
You hit the steam dragon but do no damage.
The steam dragon closely misses you. The steam dragon barely misses you.
The steam dragon bites you but does no damage.
The steam dragon claws you but does no damage.
The two-headed ogre barely misses you. You furiously retaliate!
You headbutt the two-headed ogre!
The two-headed ogre hits you with a +0 giant club.
You barely miss the steam dragon.
The steam dragon is heavily wounded.
You hit the red ugly thing but do no damage.
You hit the steam dragon. You barely miss the two-headed ogre.
The steam dragon bites you. The steam dragon barely misses you.
The steam dragon bites you!
The steam dragon claws you but does no damage.
The two-headed ogre hits you with a +0 giant club!!
You block the two-headed ogre's attack. The red ugly thing engulfs you.
* * * LOW HITPOINT WARNING * * *
You are engulfed in flames!!
You die...

#♣.≈.♣#.##.#.##.#.#
#.≈≈≈$#.##...##.#.#
#.≈≈≈.#..#..###.#.#
#.≈≈≈.#.....# #.#.#
#.≈~≈.#.##.####.#.#
D##♣~≈~♣..##>.......#
55.cD~≈...#######.#.#
O##♣~≈~♣ODu.....#.#.#
#.≈~≈.#@D####.#.#.#
#.≈≈≈.#).# # #.#.######
#.≈≈≈.#..# #.#.........
#.≈≈≈.#..####.#.#.######
#♣.≈.♣#.........#.# ♣♣.♣
#.#.###.#.#.###### ##
#.§............<.#
..#.#####.........
###.........####.#


You could see a red ugly thing, a two-headed ogre and 2 steam dragons.

Vanquished Creatures
  3 water moccasins
  A black bear (D:6)
  A sky beast (D:6)
  3 ogres
  3 centaurs
  A bullfrog (D:8)
  A scorpion (D:5)
  2 howler monkeys
  An electric eel (D:8)
  A crimson imp (D:4)
  A gnoll bouda (D:6)
  2 hounds (D:4)
  4 orc priests
  A jelly (D:5)
  A sleepcap (D:5)
  7 iguanas
  4 orc wizards
  8 gnolls
  11 adders
  3 white imps
  An ufetubus (D:5)
  3 worms
  3 dart slugs
  15 orcs
  7 endoplasms
  5 giant cockroaches
  9 goblins
  9 hobgoblins
  2 jackals (D:2)
  3 quokkas
  7 ball pythons
  2 bats
  A frilled lizard (D:1)
  7 kobolds
  6 rats
139 creatures vanquished.

Vanquished Creatures (others)
  A white imp (D:8)
1 creature vanquished.

Grand Total: 140 creatures vanquished

Notes
Turn   | Place    | Note
-------+----------+-------------------------------------------
     0 | D:1      | cowcol the Minotaur Fighter began the quest for the Orb.
     0 | D:1      | Reached XP level 1. HP: 19/19 MP: 0/0
   746 | D:1      | Reached XP level 2. HP: 27/27 MP: 1/1
  1024 | D:1      | Reached skill level 3 in Axes
  1521 | D:2      | Reached XP level 3. HP: 31/33 MP: 2/2
  1788 | D:2      | Found a faded altar of an unknown god.
  2056 | D:2      | Found an ornate altar of the Wu Jian Council.
  2152 | D:3      | Reached skill level 4 in Axes
  2152 | D:3      | Reached XP level 4. HP: 40/40 MP: 3/3
  2295 | D:3      | Noticed an ogre
  2309 | D:3      | Killed an ogre
  2310 | D:3      | Reached skill level 5 in Axes
  2310 | D:3      | Reached XP level 5. HP: 47/47 MP: 4/4
  2901 | D:3      | Found an ancient bone altar of Kikubaaqudgha.
  4456 | D:4      | Reached skill level 5 in Armour
  4456 | D:4      | Reached XP level 6. HP: 49/55 MP: 5/5
  4462 | D:4      | Reached skill level 6 in Axes
  4512 | D:4      | Reached skill level 5 in Fighting
  4750 | D:4      | Found a broken altar of Ashenzari.
  4826 | D:4      | Reached XP level 7. HP: 46/61 MP: 6/6
  5096 | D:4      | Found Yckutsea's Armour Emporium.
  5098 | D:4      | Found Keohav's Magic Scroll Emporium.
  5104 | D:4      | Reached skill level 7 in Axes
  5117 | D:4      | Found Oddihad's Book Emporium.
  5120 | D:4      | Bought a scroll of identify for 26 gold pieces
  5120 | D:4      | Bought a scroll of identify for 26 gold pieces
  5154 | D:4      | Found Vuzuut's Jewellery Emporium.
  5515 | D:5      | Entered Level 5 of the Dungeon
  6015 | D:5      | Reached skill level 8 in Axes
  6069 | D:5      | Identified a scroll of acquirement
  6072 | D:5      | Acquired the amulet "Vyqeps" {rPois Regen+ rCorr}
  6510 | D:4      | Bought the +1 pair of boots "Ejigounn" {Slay+2 SInv} for
                  | 291 gold pieces
  6599 | D:6      | Reached XP level 8. HP: 70/70 MP: 7/7
  6806 | D:6      | Found a staircase to the Ecumenical Temple.
  6815 | D:6      | Reached skill level 9 in Axes
  6826 | Temple   | Entered the Ecumenical Temple
  6844 | D:6      | Found a white marble altar of Elyvilon.
  6899 | D:6      | Identified the +2 pair of gloves of the Skies Above {rElec
                  | rPois Int-3}
  7248 | D:6      | Reached skill level 10 in Axes
  7274 | D:6      | Found a hazy altar of Hepliaklqana.
  7962 | D:7      | Found an opulent altar of Gozag.
  8506 | D:8      | Reached XP level 9. HP: 79/79 MP: 8/8
  8510 | D:8      | Noticed a two-headed ogre
  8526 | D:8      | Noticed a red ugly thing
  8529 | D:8      | Slain by a red ugly thing

Illustrated notes

Levels and vault maps discovered:
D:1:      giann_wishing_wells, layout_basic
D:2:      layout_rooms, basic_altar, ebering_ecumenical_altar_rust
D:3:      layout_loops_ring, kiku_gazebo_pond_becter, item_on_display_b
D:4:      layout_cave_pools, mainiacjoe_overflow_concentric_impassable,
          minmay_shop_grid_forest, minmay_fire_ice_demons
D:5:      layout_loops_ring, grunt_ministairs_15, hangedman_decor_push
D:6:      layout_loops_ring, mainiacjoe_overflow_catwalk,
          nicolae_hepliaklqana_hippocampus, temple_hall
D:7:      layout_loops_ring, lemuel_crystal_altar, minmay_door_square,
          eino_tiny_chamber
D:8:      nzn_winding_woodlands_small [nzn_winding_woodlands_5x15_parted,
          nzn_winding_woodlands_center_pierced_h,
          nzn_winding_woodlands_5x15_river_crossing], layout_basic,
          nicolae_uskayaw_murder_on_the_dancefloor, makhleb_altar_promises_db,
          overflow_temple_1_default, mainiacjoe_overflow_alcove_2
Temple:   hellmonk_temple_micro_hex

Skill      XL: |  1  2  3  4  5  6  7  8 |
---------------+-------------------------+-----
Fighting       | 4 5 6 7 |  7.0
Armour         | 4 5 6 7 |  7.9
Axes           | 3 4 5 6 8 10 | 10.9
Shields        | 4 |  4.0

Action                     |  1- 3 |  4- 6 |  7- 9 || total
---------------------------+-------+-------+-------++-------
  Melee: War axe           |   100 |   109 |   142 ||   351
         Headbutt          |    12 |     7 |    18 ||    37
    Use: Scroll            |     2 |     3 |     9 ||    14
         Potion            |       |     1 |     1 ||     2
 Armour: Scale mail        |    48 |    52 |    54 ||   154
  Dodge: Dodged            |    46 |    74 |   107 ||   227
  Block: Buckler           |    22 |    21 |    34 ||    77
